 Dungeon Crawl Stone Soup version 0.28.0-47-ge53b351184 (webtiles) character file.

Game seed: 18222363719474324295

78 pkoi the Insei (level 3, 0/29 HPs)
             Began as a Demigod Gladiator on Apr 26, 2022.
             Killed by divine providence
             ... invoked by an orc priest
              (9 damage)
             ... on level 2 of the Dungeon.
             The game lasted 00:03:26 (4102 turns).

pkoi the Insei (Demigod Gladiator)                  Turns: 4102, Time: 00:03:26

Health: 0/29       AC:  9    Str: 15    XL:     3   Next: 94%
Magic:  5/5        EV:  7    Int: 14    God:
Gold:   138        SH:  0    Dex: 15    Spells: 2/2 levels left

rFire   . . .      SeeInvis .     - Unarmed
rCold   . . .      Faith    .   (no shield)
rNeg    . . .      Spirit   .   n - +0 chain mail
rPois   .          Reflect  .   h - +0 helmet
rElec   .          Harm     .   (no cloak)
rCorr   .          Rampage  .   (no gloves)
Will    .....                   (no boots)
Stlth   ..........              (no amulet)
HPRegen 0.09/turn               (no ring)
MPRegen 0.09/turn               (no ring)

@: no status effects
A: high MP 1, forlorn, divine attributes
a: no special abilities


You were on level 2 of the Dungeon.
You visited 1 branch of the dungeon, and saw 3 of its levels.

You collected 138 gold pieces.

Inventory:

Hand Weapons
 d - a +0 dagger
 l - a +0 mace
 m - a +0 dagger
Missiles
 c - 3 throwing nets (quivered)
 e - 8 javelins
 f - 4 boomerangs of dispersal
Armour
 a - a +0 leather armour
 b - a +0 helmet
 h - a +0 helmet (worn)
 k - a +0 ring mail
 n - a +0 chain mail (worn)
Scrolls
 i - 3 scrolls of identify
 j - 2 scrolls of magic mapping
Potions
 g - a potion of berserk rage


   Skills:
 - Level 1.7 Fighting
 - Level 1.7 Throwing
 + Level 1.2 Armour
 + Level 3.0 Dodging
 * Level 4.0 Unarmed Combat


You had 2 spell levels left.
You didn't know any spells.
Your spell library was empty.

Dungeon Overview and Level Annotations

Branches:
Dungeon (3/15)


Innate Abilities, Weirdness & Mutations

You have an increased reservoir of magic. (+10% MP)
You shall have no god before yourself.
Your divine heritage dramatically boosts your attributes as you level up.


Message History

You climb downwards.
The orc priest begins to cast a cantrip, but forgets the words!
There is a stone staircase leading up here.
The orc priest completely misses you.
You climb upwards.
There is a stone staircase leading down here.
You closely miss the orc priest. You punch the orc priest.
The orc priest is moderately wounded.
The orc priest hits you with a +0 falchion.
* * * LOW HITPOINT WARNING * * *
You closely miss the orc priest.
The orc priest is moderately wounded.
The orc priest closely misses you.
You barely miss the orc priest.
The orc priest is moderately wounded.
The orc priest barely misses you.
You barely miss the orc priest. You punch the orc priest.
The orc priest is heavily wounded.
The orc priest hits you with a +0 falchion.
* * * LOW HITPOINT WARNING * * *
You barely miss the orc priest.
The orc priest is heavily wounded.
The orc priest hits you with a +0 falchion.
* * * LOW HITPOINT WARNING * * *
You hit the orc priest.
The orc priest is almost dead.
The orc priest invokes the aid of Beogh against you.
Beogh smites you!
* * * LOW HITPOINT WARNING * * *
You closely miss the orc priest.
The orc priest is almost dead.
You barely miss the orc priest.
The orc priest is almost dead.
The orc priest hits you with a +0 falchion.
* * * LOW HITPOINT WARNING * * *
You closely miss the orc priest. Your punch misses the orc priest.
The orc priest is almost dead.
The orc priest mumbles some strange prayers to Beogh against you.
Beogh smites you!
You die...

###...# #.# ###### ###.# #.#
############## #.# #.#
#.......<..... #.# ###.###
#.#########..# #.# #.....# #.#
#..# # #.# #.###.###.# #..# # #.#
#.# #.....# #..# # #.#
#.###o##..# ######..# # #.#
#...†@##..# #........ # ##.##
########..# #.####..# # ##...##
#..####.####..#
###.#.#.###########.............#
##..............##..#####.####.##
##.##.......###.##.######.####.#
...#####.##.# #.##.#...........#
....###.###.###.##.#.####.######
...#...## #...........# #.#


You could see an orc priest.

Vanquished Creatures
  4 adders
  A worm (D:2)
  An orc (D:2)
  5 ball pythons
  An endoplasm (D:1)
  2 giant cockroaches
  A goblin (D:1)
  5 hobgoblins
  4 jackals (D:2)
  3 bats
  2 frilled lizards
  8 kobolds
  2 rats (D:1)
39 creatures vanquished.

Notes
Turn   | Place    | Note
-------+----------+-------------------------------------------
     0 | D:1      | pkoi the Demigod Gladiator began the quest for the Orb.
     0 | D:1      | Reached XP level 1. HP: 17/17 MP: 3/3
   232 | D:1      | Reached skill level 3 in Unarmed Combat
  1068 | D:1      | Reached XP level 2. HP: 24/24 MP: 4/4
  2505 | D:2      | Reached XP level 3. HP: 24/29 MP: 5/5
  2759 | D:2      | Reached skill level 1 in Armour
  3241 | D:2      | Reached skill level 4 in Unarmed Combat
  4102 | D:2      | Killed from afar by an orc priest

Illustrated notes

Levels and vault maps discovered:
D:1:      minmay_arrival_cross, layout_basic, hellmonk_ecumenical_altar_run_dry
D:2:      layout_loops_ring, wander_ebering_terrifying_dragon_lair
D:3:      layout_basic, kennysheep_orc_sif_temple, minmay_strange_pillars,
          kennysheep_generic_room_9

Skill      XL: |  1  2  3 |
---------------+----------+-----
Unarmed Combat | 3 4 |  4.0
Armour         | 1 |  1.2
Dodging        | 3 |  3.0
Fighting       | |  1.7
Throwing       | |  1.7

Action                   || total
-------------------------++-------
Melee: Unarmed           ||   254
       Punch             ||    10
  Use: Scroll            ||     7
Armor: Leather armour    ||    31
       Ring mail         ||    47
Dodge: Dodged            ||   121
